 Dungeon Crawl Stone Soup version 0.30-a0-696-g2367cd04db (webtiles) character file.

Game seed: 16568819250386218471

296 Crownlay the Skirmisher (level 6, 0/75 HPs)
             Began as a Minotaur Hunter on Jan 20, 2023.
             Succumbed to a gnoll bouda's poison
             ... on level 4 of the Dungeon.
             The game lasted 00:04:38 (2149 turns).

Crownlay the Skirmisher (Minotaur Hunter)           Turns: 2149, Time: 00:04:39

Health: 0/75       AC:  6    Str: 16    XL:     6   Next: 12%
Magic:  5/5        EV: 17    Int:  6    God:
Gold:   59         SH:  0    Dex: 15    Spells: 5/5 levels left

rFire   . . .      SeeInvis .    s - +6 whip "Yqufroev" {freeze, Will+ Stlth+}
rCold   . . .      Faith    .    (no shield)
rNeg    + . .      Spirit   .    c - +0 leather armour
rPois   .          Reflect  .    (helmet restricted)
rElec   .          Harm     .    f - +2 cloak {Stlth+}
rCorr   .          Rampage  .    (no gloves)
Will    +....                    (no boots) Stlth
                                 p - amulet of magic regeneration
HPRegen 0.32/turn                g - ring of positive energy
MPRegen 0.49/turn                m - +5 ring of evasion

@: berserking, lethally poisoned (0 -> -9), weakened, very quick
A: horns 2, retaliatory headbutt
a: no special abilities


You were on level 4 of the Dungeon.
You visited 1 branch of the dungeon, and saw 4 of its levels.

You collected 114 gold pieces.
You spent 55 gold pieces at shops.

Inventory:

Hand Weapons
 a - a +0 shortbow
 s - the +6 whip "Yqufroev" (weapon) {freeze, Will+ Stlth+}
   (You found it on level 4 of the Dungeon)

   Will:      It increases your willpower.
   Stlth:     It makes you more stealthy.
Armour
 c - a +0 leather armour (worn)
 f - a +2 cloak of stealth (worn)
Jewellery
 g - a ring of positive energy (left hand)
 m - a +5 ring of evasion (right hand)
 p - an amulet of magic regeneration (around neck)
Scrolls
 b - a scroll of immolation
 i - a scroll of vulnerability {unknown}
 j - 2 scrolls of teleportation
 k - 5 scrolls of identify
 n - 3 scrolls of amnesia {unknown}
 r - a scroll of noise {unknown}
Potions
 d - a potion of might {unknown}
 e - 2 potions of berserk rage
 h - a potion of lignification {unknown}
 l - 2 potions of degeneration {unknown}
 o - 2 potions of curing {unknown}
 q - 2 potions of cancellation {unknown}


   Skills:
 - Level 2.4 Fighting
 + Level 8.2 Ranged Weapons
 - Level 2.1 Dodging
 - Level 0.7 Stealth


You had 5 spell levels left.
You didn't know any spells.
Your spell library contained the following spells:

 Spells                   Type           Power      Damage    Failure   Level
 Cause Fear               Hex            0%         N/A       99%         4
 Dragon Form              Tmut           0%         N/A       100%        7
 Dragon's Call            Summ           0%         N/A       100%        9


Dungeon Overview and Level Annotations

Branches:
Dungeon (4/15)
 Temple: D:4-7

Altars:

Shops:
D:1 (   D:3 ?


Innate Abilities, Weirdness & Mutations

You have a pair of horns on your head.
You reflexively headbutt those who attack you in melee.


Message History

The arrow barely misses the gnoll bouda.
The arrow hits the gnoll!
The gnoll is heavily wounded.
The gnoll barely misses you.
The gnoll bouda barks out a call to the hunt!
The gnoll picks up the pace!
The +6 whip "Yqufroev" {freeze, Will+ Stlth+} glows with a cold blue light!
s - the +6 whip "Yqufroev" (weapon)
{freeze, Will+ Stlth+} The gnoll hits you from afar with a +0 spear!
You hit the gnoll bouda but do no damage.
The gnoll bouda is moderately wounded.
The gnoll bouda hits you with a +0 whip of venom!
* * * LOW HITPOINT WARNING * * *
You are lethally poisoned!
The gnoll hits you from afar with a +0 spear.
* * * LOW HITPOINT WARNING * * *
It was a potion of berserk rage.
A red film seems to cover your vision as you go berserk!
You feel yourself moving faster!
You feel mighty!
* * * LOW HITPOINT WARNING * * *
You feel very sick. The gnoll bouda closely misses you.
The gnoll closely misses you.
You whack the gnoll bouda! You freeze the gnoll bouda.
Your headbutt misses the gnoll bouda.
The gnoll bouda is almost dead.
* * * LOW HITPOINT WARNING * * *
You feel very sick. The gnoll bouda misses you. The gnoll closely misses you.
You whack the gnoll bouda! You freeze the gnoll bouda.
You kill the gnoll bouda!
* * * LOW HITPOINT WARNING * * *
You feel sick.
The gnoll is no longer moving quickly.
Your Ranged Weapons skill increases to level 8!
You have reached level 6!
You hit the gnoll. You freeze the gnoll.
You kill the gnoll!
* * * LOW HITPOINT WARNING * * *
You feel sick.
The gnoll is no longer moving quickly.
The gnoll barely misses you.
You die...

................# #...##
.........#.#....####..##
........##.##.......###
........#...#..##..##
.......##...##.#..##
.......#..~..#...##
.......#.~≈~.#..##
.......#.~≈~.#.## .....
#.~~~.#@## #..~..#gg#
##..[##..# ..#####...#
...?......##
..g........#
...).).....#
...........#
..........##


You could see 2 gnolls.

Vanquished Creatures
  A necrophage (D:4)
  A crimson imp (D:4)
  A gnoll bouda (D:4)
  2 adders
  9 gnolls
  A white imp (D:4)
  A worm (D:3)
  7 orcs
  9 endoplasms
  A giant cockroach (D:1)
  2 goblins
  8 hobgoblins
  A quokka (D:2)
  3 ball pythons
  4 bats
  5 frilled lizards
  A kobold (D:3)
  3 rats
60 creatures vanquished.

Notes
Turn   | Place    | Note
-------+----------+-------------------------------------------
     0 | D:1      | Crownlay the Minotaur Hunter began the quest for the Orb.
     0 | D:1      | Reached XP level 1. HP: 18/18 MP: 0/0
   247 | D:1      | Found Woehon's Weapon Boutique.
   250 | D:1      | Reached XP level 2. HP: 25/25 MP: 1/1
   349 | D:1      | Reached skill level 5 in Ranged Weapons
  1082 | D:3      | Reached XP level 3. HP: 26/30 MP: 2/2
  1167 | D:3      | Reached skill level 6 in Ranged Weapons
  1170 | D:3      | Reached XP level 4. HP: 27/37 MP: 3/3
  1369 | D:3      | Found Reot's Magic Scroll Emporium.
  1378 | D:3      | Bought a scroll of teleportation for 33 gold pieces
  1378 | D:3      | Bought a scroll of identify for 22 gold pieces
  1641 | D:3      | Found a faded altar of an unknown god.
  1949 | D:4      | Noticed a necrophage
  1954 | D:4      | Killed a necrophage
  1955 | D:4      | Reached skill level 7 in Ranged Weapons
  1955 | D:4      | Reached XP level 5. HP: 42/42 MP: 4/4
  1995 | D:4      | Identified the +6 whip "Yqufroev" {freeze, Will+ Stlth+}
  2147 | D:4      | HP: 3/63 [poisoned by a gnoll bouda]
  2148 | D:4      | Reached skill level 8 in Ranged Weapons
  2148 | D:4      | Reached XP level 6. HP: 3/50 MP: 5/5
  2148 | D:4      | HP: 1/75 [poisoned by a gnoll bouda]
  2149 | D:4      | Succumbed to a gnoll bouda's poison

Illustrated notes

Levels and vault maps discovered:
D:1:      beargit_arrival_greenhouse, layout_basic, serial_shops,
          nicolae_shop_bloodbath_and_beyond, minmay_tetromino_i2
D:2:      layout_basic, minmay_close_crescents
D:3:      layout_basic, serial_shops, shop_fountains,
          hellmonk_ecumenical_altar_prayer_group
D:4:      layout_cave_pods, nicolae_overflow_hidden_temple,
          minmay_fire_ice_demons, uniq_eustachio

Skill      XL: |  1  2  3  4  5 |
---------------+----------------+-----
Ranged Weapons | 5 6 7 8 |  8.2
Fighting       | |  2.4
Dodging        | |  2.1
Stealth        | |  0.7

Action                   |  1- 3 |  4- 6 || total
-------------------------+-------+-------++-------
Melee: Whip              |       |     4 ||     4
 Fire: Shortbow          |    81 |    81 ||   162
  Use: Potion            |       |     1 ||     1
Armor: Leather armour    |     8 |     7 ||    15
Dodge: Dodged            |    37 |    29 ||    66

Table legend: (Time is in decaauts)
 A = Elapsed time spent in this place.
 B = Non-inter-level travel time spent in this place.
 C = Inter-level travel time spent in this place.
 D = Time resting spent in this place.
 E = Time spent auto-exploring this place.
 F = Levels seen in this place.
 G = Mean time per level.
                   A        B        C        D        E       F      G
               +--------+--------+--------+--------+--------+-----+--------+
         Total |   2187 |   2131 |     56 |      0 |   1791 |   4 |  546.8 |
       Dungeon |   2187 |   2131 |     56 |      0 |   1791 |   4 |  546.8 |
               +--------+--------+--------+--------+--------+-----+--------+

Top non-repeatable levels by time:
     D:3: 738 daAuts
     D:1: 605 daAuts
     D:2: 482 daAuts
     D:4: 360 daAuts
